 Dungeon Crawl Stone Soup version 0.29.1-1-gd02db6906a (webtiles) character file.

Game seed: 8938111822229534514

9145 Thorstein the Cleaver (level 11, 0/72 HPs)
             Began as a Human Fighter on Oct 11, 2022.
             Was an Elder of Hepliaklqana.
             Slain by a two-headed ogre
             ... wielding a +0 giant club
              (26 damage)
             ... on level 9 of the Dungeon.
             The game lasted 00:46:26 (9614 turns).

Thorstein the Cleaver (Human Fighter)               Turns: 9614, Time: 00:46:27

Health: 0/72       AC: 18    Str: 16    XL:     11   Next: 68%
Magic:  26/26      EV: 12    Int: 10    God:    Hepliaklqana [****..]
Gold:   500        SH:  6    Dex: 14    Spells: 18/19 levels left

rFire   + . .      SeeInvis .   a - +0 war axe (flame)
rCold   . . .      Faith    .   c - +1 buckler
rNeg    . . .      Spirit   .   A - +3 ring mail {rF+}
rPois   .          Reflect  .   G - +2 hat
rElec   .          Harm     .   l - +2 cloak
rCorr   .          Rampage  .   (no gloves)
Will    .....                   (no boots)
Stlth   ++........              (no amulet)
HPRegen 0.22/turn               o - ring of magical power
MPRegen 0.20/turn               k - +4 ring of protection

@: no status effects
A: reduced essence, weak 1
a: Renounce Religion, Recall Ancestor, Ancestor Identity, Transference, Idealise


You were on level 9 of the Dungeon.
You worshipped Hepliaklqana.
Hepliaklqana was greatly pleased with you.
You visited 1 branch of the dungeon, and saw 9 of its levels.

You collected 584 gold pieces.
You spent 84 gold pieces at shops.

Inventory:

Hand Weapons
 a - a +0 war axe of flaming (weapon)
Missiles
 g - 11 javelins (quivered)
 w - 12 poisoned darts
 y - 2 throwing nets
 F - a boomerang
Armour
 c - a +1 buckler (worn)
 l - a +2 cloak (worn)
 A - a +3 ring mail of fire resistance (worn)
 G - a +2 hat (worn)
Jewellery
 d - a ring of protection from cold
 k - a +4 ring of protection (right hand)
 o - a ring of magical power (left hand)
 C - a +6 ring of dexterity
 H - an amulet of faith
Wands
 f - a wand of flame (7)
 r - a wand of digging (6)
 K - a wand of roots (7)
Scrolls
 b - a scroll of amnesia
 e - 3 scrolls of magic mapping
 h - 7 scrolls of teleportation
 i - 5 scrolls of butterflies {unknown}
 n - 3 scrolls of poison
 u - a scroll of silence
 v - a scroll of torment
 D - 3 scrolls of fear
 J - 3 scrolls of vulnerability {unknown}
Potions
 j - 2 potions of attraction {unknown}
 m - 2 potions of cancellation {unknown}
 q - 3 potions of lignification {unknown}
 s - a potion of ambrosia {unknown}
 t - 5 potions of mutation {unknown}
 x - 3 potions of curing
 z - a potion of magic {unknown}
 B - a potion of berserk rage {unknown}
 E - a potion of resistance {unknown}
 I - a potion of haste {unknown}
 L - 2 potions of flight {unknown}


   Skills:
 * Level 5.9 Fighting
 * Level 8.8 Axes
 * Level 4.9 Throwing
 * Level 6.3 Armour
 * Level 4.6 Dodging
 * Level 5.2 Stealth
 * Level 5.8 Shields
 * Level 4.5 Spellcasting
 * Level 2.1 Summonings
 * Level 5.3 Invocations
 * Level 4.4 Evocations


You had 18 spell levels left.
You knew the following spells:

 Your Spells              Type           Power      Damage    Failure   Level
a - Summon Small Mammal   Summ           24%        N/A       24%         1

Your spell library contained the following spells:

 Spells                   Type           Power      Damage    Failure   Level
 Sandblast                Erth           4%         2d4       50%         1
 Ensorcelled Hibernation  Hex/Ice        4%         N/A       63%         2
 Passwall                 Tmut/Erth      1%         N/A       63%         2
 Conjure Flame            Conj/Fire      2%         6-21      86%         3
 Ignite Poison            Fire/Tmut/Pois 2%         N/A       86%         3
 Swiftness                Air            2%         N/A       86%         3
 Petrify                  Tmut/Erth      2%         N/A       99%         4
 Sticky Flame             Conj/Fire      2%         2d3       99%         4
 Monstrous Menagerie      Summ           3%         N/A       100%        7
 Spellforged Servitor     Conj/Summ      2%         N/A       100%        7


Dungeon Overview and Level Annotations

Branches:
Dungeon (9/15)             Temple (0/1) D:4            Lair (0/5) D:9
    Orc: D:9-12

Altars:
Ashenzari
Hepliaklqana
Makhleb
Qazlal
Sif Muna
Uskayaw
Vehumet
Wu Jian
Xom
Yredelemnul

Shops:
D:7 !


Innate Abilities, Weirdness & Mutations

Your life essence is reduced to manifest your ancestor. (-10% HP)
You are weak. (Str -2)


Message History

You slash the plant!
The plant begins to die.
You burn the plant.
Hakon hits the plant with a +0 flail!!
Hakon hits the plant with a +0 flail.
A nearby plant withers and dies.
Hakon hits the plant with a +0 flail!
A nearby plant withers and dies.
A fire vortex comes into view.
Hakon hits the fire vortex with a +0 flail.
Hakon hits the fire vortex with a +0 flail.
You swap places.
You start resting.
A two-headed ogre comes into view. It is wielding two +0 giant clubs.
Throw: 12 javelins
Press: ? - help, Q - select action, (/) - cycle Shift-Dir - straight line, f - two-headed ogre
Aim: a two-headed ogre, wielding two +0 giant clubs (ally target, 77% to hit)
You throw a javelin.
The javelin pierces through the two-headed ogre!
The two-headed ogre is moderately wounded.
You hit the two-headed ogre but do no damage.
The two-headed ogre is moderately wounded.
You hit the plant.
The plant begins to die.
You burn the plant.
Hakon hits the two-headed ogre with a +0 flail!
The two-headed ogre hits you with a +0 giant club.
The two-headed ogre hits you with a +0 giant club!
Hakon barely misses the two-headed ogre.
You hit the two-headed ogre. You burn the two-headed ogre.
The two-headed ogre is heavily wounded.
You hit the plant. You burn the plant.
The two-headed ogre hits you with a +0 giant club!
The two-headed ogre hits you but does no damage.
Hakon hits the two-headed ogre with a +0 flail.
Unknown command.
Hakon hits the two-headed ogre with a +0 flail!
A nearby plant withers and dies.
The two-headed ogre misses you.
The two-headed ogre hits you with a +0 giant club.
Hakon hits the two-headed ogre with a +0 flail.
You hit the two-headed ogre. You burn the two-headed ogre.
The two-headed ogre is almost dead.
The two-headed ogre hits you with a +0 giant club.
The two-headed ogre hits you with a +0 giant club!!
You die...

...'....#.......P...P...P........
...#....#......P....(..P..PP.....
...#....#...........P.P.....P....
...######.........P.....P..P..P..
................P..P....PP..P..P.
................P...P.P>.........
.#########....P.R.....))P...P.P.P
# .S##..≈#......O............P...
S§#..≈.#......@...P.).....P..P.
##..§≈.#....P.....P.........P..
#.§.≈≈.#####....(.......P....##
...≈≈≈.#...#................... .
.≈≈≈v.°#...#####.#..P....#..... .
≈....§.#.......'.#....####.....
.########'.......#.###### .....
........#........#... .....
........)))......#.............##


You could see the friendly Hakon the knight and a two-headed ogre (ally target).

Vanquished Creatures
  A two-headed ogre (D:8)
  A kobold demonologist (D:9)
  3 hornets
  A wyvern (D:9)
  Eustachio (D:6)
  A yak (D:9)
  3 fire bats (D:9)
  Menkaure (D:6)
  A water moccasin (D:9)
  4 black bears
  An orc warrior (D:9)
  An ice beast (D:7)
  2 sky beasts
  2 kobold brigands
  2 bullfrogs (D:8)
  A wight (D:7)
  8 killer bees
  4 howler monkeys
  6 orc priests
  3 hounds
  2 orc wizards
  2 adders (D:2)
  4 gnolls
  An ufetubus (D:5)
  A worm (D:2)
  A dart slug (D:1)
  12 orcs
  3 endoplasms
  A giant cockroach (D:4)
  6 goblins
  3 hobgoblins
  6 jackals
  2 quokkas
  2 ball pythons
  11 bats
  6 frilled lizards
  6 kobolds
  4 rats
120 creatures vanquished.

Vanquished Creatures (collateral kills)
  A kobold demonologist (D:9)
  A hornet (D:8)
  Prince Ribbit (D:9)
  6 yaks (D:9)
  A fire bat (D:9)
  An acid dragon (D:9)
  3 water moccasins
  A black bear (D:6)
  2 orc warriors
  4 ice beasts
  A sky beast (D:8)
  2 centaurs
  An ogre (D:7)
  2 kobold brigands (D:9)
  A phantom (D:6)
  2 necrophages
  A bullfrog (D:9)
  3 scorpions
  A gnoll sergeant (D:8)
  5 wights
  A killer bee (D:8)
  A crimson imp (D:4)
  2 howler monkeys (D:8)
  A jelly (D:5)
  6 orc priests
  3 hounds
  A gnoll bouda (D:5)
  2 iguanas
  3 orc wizards
  3 gnolls
  3 adders
  A shadow imp (D:6)
  A white imp (D:6)
  2 dart slugs (D:5)
  12 orcs
  2 ball pythons
  3 bats (D:1)
  2 endoplasms
  3 goblins
  A hobgoblin (D:1)
  2 kobolds
  2 quokkas
  2 rats (D:3)
99 creatures vanquished.

Vanquished Creatures (others)
  2 knights
  A fire vortex (D:9)
  41 fungi (D:9)
  37 plants
81 creatures vanquished.

Grand Total: 300 creatures vanquished

Notes
Turn   | Place    | Note
-------+----------+-------------------------------------------
     0 | D:1      | Thorstein the Human Fighter began the quest for the Orb.
     0 | D:1      | Reached XP level 1. HP: 18/18 MP: 1/1
   160 | D:2      | Reached XP level 2. HP: 19/24 MP: 2/2
   166 | D:2      | Found a hazy altar of Hepliaklqana.
   292 | D:2      | Became a worshipper of Hepliaklqana the Forgotten
   374 | D:2      | Reached XP level 3. HP: 9/29 MP: 3/3
   767 | D:2      | Reached skill level 1 in Stealth
   915 | D:2      | Found a faded altar of an unknown god.
  1258 | D:1      | Reached XP level 4. HP: 19/35 MP: 5/5
  1532 | D:1      | Reached skill level 1 in Dodging
  1533 | D:1      | Reached * piety under Hepliaklqana
  2653 | D:3      | Found a hide-covered altar of Uskayaw.
  2806 | D:4      | Found a burning altar of Makhleb.
  2806 | D:4      | Found a radiant altar of Vehumet.
  2824 | D:4      | Reached skill level 1 in Spellcasting
  2824 | D:4      | Reached XP level 5. HP: 24/36 MP: 6/6
  3000 | D:4      | Reached skill level 1 in Throwing
  3023 | D:4      | Reached ** piety under Hepliaklqana
  3024 | D:4      | Remembered your ancestor Hakon as a knight
  3029 | D:4      | Found a basalt altar of Yredelemnul.
  3082 | D:4      | Reached skill level 3 in Axes
  3082 | D:4      | Reached XP level 6. HP: 41/42 MP: 7/7
  3330 | D:4      | Found a staircase to the Ecumenical Temple.
  3646 | D:4      | Found a shimmering blue altar of Sif Muna.
  4034 | D:5      | Entered Level 5 of the Dungeon
  4037 | D:5      | Reached skill level 1 in Invocations
  4057 | D:5      | Reached skill level 1 in Evocations
  4093 | D:5      | Reached XP level 7. HP: 21/46 MP: 9/9
  4612 | D:5      | Reached skill level 4 in Axes
  4747 | D:5      | Reached XP level 8. HP: 50/54 MP: 10/10
  5252 | D:6      | Reached *** piety under Hepliaklqana
  5267 | D:6      | Noticed Eustachio
  5282 | D:6      | Killed Eustachio
  5331 | D:6      | Noticed Menkaure
  5336 | D:6      | Reached skill level 5 in Axes
  5342 | D:6      | Killed Menkaure
  5343 | D:6      | Reached XP level 9. HP: 58/58 MP: 12/12
  5382 | D:6      | Reached skill level 5 in Armour
  5885 | D:7      | Noticed a hornet
  5890 | D:7      | Killed a hornet
  5990 | D:7      | Found Lyfeij Fepsu's Distillery.
  6025 | D:7      | Bought a potion of curing for 42 gold pieces
  6025 | D:7      | Bought a potion of curing for 42 gold pieces
  6208 | D:7      | Reached skill level 6 in Axes
  6245 | D:7      | Noticed a hornet
  6250 | D:7      | Paralysed by a hornet for 1 turns
  6260 | D:7      | Killed a hornet
  6261 | D:7      | Reached XP level 10. HP: 45/65 MP: 14/14
  7412 | D:8      | Noticed a two-headed ogre
  7428 | D:8      | Killed a two-headed ogre
  7429 | D:8      | Reached skill level 5 in Fighting
  7429 | D:8      | Reached skill level 7 in Axes
  7429 | D:8      | Reached skill level 5 in Shields
  7647 | D:8      | Found an ornate altar of the Wu Jian Council.
  7916 | D:8      | Reached **** piety under Hepliaklqana
  7929 | D:8      | Got the Grimoire of Arenous Illusion
  7932 | D:8      | Learned a level 1 spell: Summon Small Mammal
  8242 | D:8      | Found a stormy altar of Qazlal.
  8425 | D:9      | Noticed a kobold demonologist
  8434 | D:9      | Noticed a kobold demonologist
  8444 | D:9      | Noticed a rust devil
  8446 | D:9      | Gained mutation: You are weak. (Str -2) [a neqoxec]
  8447 | D:9      | Reached XP level 11. HP: 64/72 MP: 17/17
  8447 | D:9      | Noticed a soul eater
  8453 | D:9      | Reached skill level 1 in Summonings
  8469 | D:9      | Reached skill level 8 in Axes
  8605 | D:9      | Found a staircase to the Lair.
  8617 | D:9      | Reached skill level 5 in Stealth
  8939 | D:9      | Reached skill level 5 in Invocations
  9169 | D:9      | Found a shimmering altar of Xom.
  9278 | D:9      | Found a broken altar of Ashenzari.
  9364 | D:9      | Noticed Prince Ribbit
  9371 | D:9      | Killed Prince Ribbit
  9605 | D:9      | Noticed a two-headed ogre
  9614 | D:9      | Slain by a two-headed ogre

Illustrated notes

Levels and vault maps discovered:
D:1:      lordsloth_arrival_two_stooges, layout_loops_ring, serial_glass,
          glass_columns_c, glass_columns_b, eino_curves_02,
          nicolae_concentric_dashed_squares_wild
D:2:      layout_rooms, basic_altar, dilly_ecumenical_altar_fadedgnrine,
          minmay_lizard_king
D:3:      layout_loops_cross, mainiacjoe_overflow_alcove_1
D:4:      layout_loops_corners, grunt_temple_overflow_lords_of_destruction,
          led_sif_pool, old_standard_altar, temple_doors_e
D:5:      layout_loops_ring
D:6:      layout_gridville, minivault_1, corexii_item_surrounded_by_moat,
          uniq_menkaure, uniq_eustachio
D:7:      minmay_angry_zag, layout_cave_pods, serial_shops,
          nicolae_shop_advertising_works [nicolae_subvault_shop_adworks]
D:8:      minmay_the_grid_square_5x5_3x3 [minmay_the_grid_square_5x5_checkered,
          minmay_the_grid_square_5x5_two,
          minmay_the_grid_square_5x5_beaten_path,
          minmay_the_grid_square_5x5_two_walls_a,
          minmay_the_grid_square_5x5_megaprize_hollow,
          minmay_the_grid_square_5x5_minimal, minmay_the_grid_square_5x5_seven,
          minmay_the_grid_square_5x5_tie, minmay_the_grid_square_5x5_gyroscope],
          layout_loops_corners, nicolae_wu_jian_immortal_techniques,
          grunt_qazlal_clouds
D:9:      layout_irregular_city, nicolae_overflow_hidden_temple,
          lemuel_round_altar, due_lair_maze_entry_diamond,
          hangedman_incinerator, uniq_prince_ribbit1

Skill      XL: |  1  2  3  4  5  6  7  8  9 10 11 |
---------------+----------------------------------+-----
Stealth        | 1 2 3 4 5 |  5.2
Dodging        | 1 2 3 4 |  4.6
Spellcasting   | 1 2 3 4 |  4.5
Throwing       | 1 2 3 4 |  4.9
Axes           | 3 4 5 6 7 8 |  8.8
Invocations    | 1 2 3 4 5 |  5.3
Evocations     | 1 2 3 4 |  4.4
Armour         | 4 5 6 |  6.3
Shields        | 4 5 |  5.8
Fighting       | 4 5 |  5.9
Summonings     | 2 |  2.1

Action                   |  1- 3 |  4- 6 |  7- 9 | 10-12 || total
-------------------------+-------+-------+-------+-------++-------
Melee: War axe           |    72 |    98 |    96 |   189 ||   455
Throw: Dart              |    13 |    27 |     3 |     1 ||    44
       Javelin           |       |       |    21 |    29 ||    50
 Cast: Summon Small Mamm |       |       |       |     1 ||     1
Invok: Ancestor Identity |       |     1 |       |       ||     1
       Ancestor Life: Kn |       |     1 |       |       ||     1
Evoke: Wand              |       |       |     6 |     7 ||    13
  Use: Scroll            |     3 |     3 |     1 |     9 ||    16
       Potion            |       |       |     1 |     9 ||    10
 Stab: Sleeping          |       |     1 |     2 |     1 ||     4
       Distracted        |       |       |       |     2 ||     2
Armor: Scale mail        |    80 |    61 |       |       ||   141
       Ring mail         |       |    19 |    78 |   153 ||   250
Dodge: Dodged            |    68 |    68 |    55 |   186 ||   377
Block: Buckler           |    29 |    40 |    36 |    96 ||   201
